 Dungeon Crawl Stone Soup version 0.25-b1-41-g19641232cd (webtiles) character file.

Game seed: 16595886349187436900

26 Delver the Charmwright (level 3, 0/24 HPs)
             Began as a Halfling Skald on June 8, 2020.
             Succumbed to an adder's poison
             ... on level 2 of the Dungeon.
             The game lasted 00:12:51 (897 turns).

Delver the Charmwright (Halfling Skald)              Turns: 897, Time: 00:12:51

Health: 0/24       AC:  3    Str: 13    XL:     3   Next: 22%
Magic:  2/5        EV: 14    Int: 11    God:
Gold:   41         SH:  0    Dex: 13    Spells: 2/5 levels left

rFire    . . .     SeeInvis .   r - +1 whip (flame)
rCold    + . .     Gourm    .   (shield restricted)
rNeg     . . .     Faith    .   b - +0 leather armour
rPois    +         Spirit   .   (no helmet)
rElec    .         Reflect  .   (no cloak)
rCorr    .         Harm     .   (no gloves)
MR       .....                  (no boots)
Stlth    +.........             (no amulet)
HPRegen  0.08/turn              c - ring of protection from cold
MPRegen  0.09/turn              k - ring of poison resistance

@: brilliant, lethally poisoned (0 -> -2), very slightly contaminated, invisible
A: small, mutation resistance 1
a: no special abilities


You were on level 2 of the Dungeon.
You were not hungry.

You visited 1 branch of the dungeon, and saw 2 of its levels.

You collected 41 gold pieces.

Inventory:

Hand Weapons
 a - a +0 short sword
 i - a +0 whip
 r - a +1 whip of flaming (weapon)
Missiles
 h - 53 stones (quivered)
 o - 20 bolts
Armour
 b - a +0 leather armour (worn)
Jewellery
 c - a ring of protection from cold (left hand)
 k - a ring of poison resistance (right hand)
Scrolls
 m - a scroll of identify
Comestibles
 d - 2 rations
 q - 2 chunks of flesh


   Skills:
 - Level 1.7 Fighting
 + Level 2.7 Short Blades
 + Level 0.1 Maces & Flails
 - Level 1.3 Armour
 + Level 2.4 Dodging
 + Level 0.3 Stealth
 + Level 1.7 Spellcasting
 * Level 3.9 Charms


You had 2 spell levels left.
You knew the following spells:

 Your Spells              Type           Power        Failure   Level  Hunger
a - Infusion              Chrm           ##..         8%          1    None
b - Song of Slaying       Chrm           ##......     12%         2    None

Your spell library contained the following spells:

 Spells                   Type           Power        Failure   Level  Hunger
 Shroud of Golubria       Chrm/Tloc      #.....       26%         2    None
 Ozocubu's Armour         Chrm/Ice       #.......     45%         3    None
 Spectral Weapon          Hex/Chrm       #.......     45%         3    None


Dungeon Overview and Level Annotations

Branches:
Dungeon (2/15)

Altars:


Innate Abilities, Weirdness & Mutations

You are small and have problems with some larger weapons.
You are somewhat resistant to further mutation.


Message History

Press: ? - help, Dir - move target cursor, f - you Are you sure you want to cancel this blink?
Uppercase [Y]es or [N]o only, please.
Are you sure you want to cancel this blink?
Okay, then.
As you read the scroll labeled RYMIUL YFUDI, it crumbles to dust.
It was a scroll of blinking.
As you read the scroll labeled ZONESA ZERCHOYNK, it crumbles to dust.
It is a scroll of enchant weapon.
Your +0 whip of flaming glows red for a moment.
Unknown command.
You eat one of the 3 rations.
That ration really hit the spot!
* * * LOW HITPOINT WARNING * * *
You feel sick.
There is a lethal amount of poison in your body!
There is a lethal amount of poison in your body!
* * * LOW HITPOINT WARNING * * *
You feel sick.
You see here a stone.
You die...

#. #. #. #.
#.###########
#.#(........#
######.#.#######.####
......(@.# #........#
.#####(..# #.###.##.#
.............##.#
.......##########.#
........## #.#
......?.# #.#
.##.##.## ####.####
## #. #.......# ##+##
#.#####.#


There were no monsters in sight!

Vanquished Creatures
  An adder (D:2)
  2 ball pythons
  2 goblins
  4 hobgoblins
  2 bats
  A frilled lizard (D:2)
  2 kobolds (D:1)
  2 rats (D:1)
16 creatures vanquished.

Notes
Turn   | Place    | Note
-------+----------+-------------------------------------------
     0 | D:1      | Delver the Halfling Skald began the quest for the Orb.
     0 | D:1      | Reached XP level 1. HP: 14/14 MP: 3/3
   343 | D:1      | Reached XP level 2. HP: 15/19 MP: 4/4
   347 | D:1      | Learned a level 2 spell: Song of Slaying
   880 | D:2      | Reached XP level 3. HP: 5/24 MP: 1/5
   893 | D:2      | HP: 1/24 [poisoned by an adder]
   897 | D:2      | Succumbed to an adder's poison

Illustrated notes

Levels and vault maps discovered:
D:1:      heliophobic_arrival_battle_scene, layout_basic
D:2:      layout_loops_corners, overflow_temple_1_default, lemuel_round_altar,
          led_sif_pool

Action                   || total
-------------------------++-------
Melee: Short sword       ||    34
       Whip              ||    20
Throw: Stone             ||    34
 Cast: Infusion          ||     2
  Use: Potion            ||     5
       Scroll            ||     4
  Eat: Ration            ||     1
Armor: Leather armour    ||     5
Dodge: Dodged            ||    39
